 Dungeon Crawl Stone Soup version 0.31-a0-726-g3c93526463 (webtiles) character file.

Game seed: 17249358095080951324

303 Ijustatesigmund the Magician (level 6, -1/35 HPs)
             Began as a Deep Elf Fire Elementalist on Sept 11, 2023.
             Was an Initiate of Cheibriados.
             Slain by an orc
             ... wielding a +0 flail
              (6 damage)
             ... on level 4 of the Dungeon.
             The game lasted 00:06:31 (4414 turns).

Ijustatesigmund the Magician (DEFE)                 Turns: 4414, Time: 00:06:32

Health: -1/35      AC:  3    Str:  5    XL:     6   Next: 15%
Magic:  15/15      EV: 12    Int: 27    God:    Cheibriados [......]
Gold:   144        SH:  0    Dex: 15    Spells: 8/15 levels left

rFire   . . .        d - +2 dagger (holy)
rCold   . . .        (no shield)
rNeg    . . .        a - +0 animal skin
rPois   .            (helmet restricted)
rElec   .            (no cloak)
rCorr   .            (no gloves)
SInv    .            h - +0 pair of boots
Will    .....        (no amulet)
Stlth   ++           (no ring)
HPRegen 0.25/turn    (no ring)
MPRegen 0.14/turn

%: no passive effects
@: very slow
A: horns 1, clever 1, sense surroundings 1
a: Renounce Religion


You were on level 4 of the Dungeon.
You worshipped Cheibriados.
Cheibriados was noncommittal.
You visited 1 branch of the dungeon, and saw 4 of its levels.

You collected 144 gold pieces.

Inventory:

Hand Weapons
 d - a +2 dagger of holy wrath (weapon)
 l - a +1 short sword of venom
Armour
 a - a +0 animal skin (worn)
 h - a +0 pair of boots (worn)
 i - a +0 helmet
Jewellery
 k - a +5 ring of evasion
Scrolls
 e - a scroll of blinking
 g - 3 scrolls of teleportation
 j - a scroll of identify
 m - a scroll of fear {unknown}
 o - a scroll of immolation {unknown}
Potions
 b - a potion of magic
 c - a potion of mutation


   Skills:
 - Level 2.0 Fighting
 + Level 0.8 Short Blades
 - Level 2.4 Dodging
 - Level 2.4 Stealth
 + Level 5.0 Spellcasting
 + Level 3.4 Conjurations
 + Level 4.7 Fire Magic
 + Level 0.0 Invocations


You had 8 spell levels left.
You knew the following spells:

 Your Spells              Type           Power      Damage    Failure   Level
a - Foxfire               Conj/Fire      100%       2x1d9     1%          1
b - Scorch                Fire           64%        2d7       1%          2
c - Flame Wave            Conj/Fire      29%        2d9       13%         4

Your spell library contained the following spells:

 Spells                   Type           Power      Damage    Failure   Level
 Magic Dart               Conj           100%       1d8       1%          1
 Searing Ray              Conj           50%        2d6       2%          2
 Inner Flame              Hex/Fire       19%        N/A       9%          3
 Volatile Blastmotes      Fire/Tloc      38%        2d13      9%          3
 Fulminant Prism          Conj/Hex       8%         3d6       34%         4


Dungeon Overview and Level Annotations

Branches:
Dungeon (4/15)
 Temple: D:4-7

Altars:
Cheibriados
Okawaru


Innate Abilities, Weirdness & Mutations

You have a pair of small horns on your head.
Your mind is acute. (Int +4, Str/Dex -1)
You passively map a small area around you.


Message History

Found a stone staircase leading up. 3 orcs come into view.
The orc shouts! x2
The orc moves out of view.
An orc comes into view. It is wielding a +0 flail.
The orc shouts!
There is an open door here.
Casting: Scorch (safe; 1% risk of failure)
Confirm with . or Enter, or press ? or * to list all spells.
You conjure some foxfire!
You hear a shout!
The foxfire hits the orc!
You kill the orc!
Cheibriados appreciates the change of pace.
An orc wizard comes into view. It is wielding a +0 dagger.
The foxfire hits the orc.
The orc is almost dead.
You closely miss the orc.
The orc is almost dead.
The orc hits you with a +0 hand axe.
The orc wizard points at you and mumbles some strange words.
You are confused.
The orc completely misses you.
You bump into the rock wall.
The orc hits you with a +0 flail. The orc hits you with a +0 hand axe.
Okay, then.
You bump into the rock wall.
The orc hits you with a +0 club.
You closely miss the orc. The orc hits you with a +0 flail.
The orc closely misses you.
You bump into the rock wall.
You feel less confused.
The orc wizard hits you with a +0 dagger.
The orc completely misses you. The orc hits you with a +0 club.
The orc closely misses you.
You hit the orc wizard but do no damage.
The orc wizard points at you and mumbles some strange words.
The magic dart hits you.
* * * LOW HITPOINT WARNING * * *
The orc hits you with a +0 flail.
You die...

, ##...## #..##.#
##.....## #.....# , ,
##.......## ##.####
**
#.........####...## ,
, +.........+.......#
#....)....####...## *
#..<.$..# ##.#### * ,
#ooo..# #....#
##@o.## ####.# *
##'## #.# #.# #.#
#######.## #.#
#........# #.#
#.####...## #.# *
###.....##########.#
, ,
....................#
,
.###..#.#############


You could see an orc wizard and 3 orcs.

Vanquished Creatures
  An iron imp (D:3)
  Terence (D:3)
  Natasha (thrice) (D:2)
  An orc wizard (D:3)
  Robin (D:3)
  4 adders
  2 worms (D:2)
  A dart slug (D:3)
  5 orcs
  11 bats
  5 endoplasms
  3 giant cockroaches (D:1)
  11 goblins
  9 hobgoblins
  3 jackals (D:1)
  9 kobolds
  3 quokkas (D:1)
  6 ball pythons
  A frilled lizard (D:1)
  5 rats
85 creatures vanquished.

Vanquished Creatures (others)
  197 foxfires
197 creatures vanquished.

Grand Total: 282 creatures vanquished

Notes
Turn   | Place    | Note
-------+----------+-------------------------------------------
     0 | D:1      | Ijustatesigmund the Deep Elf Fire Elementalist began the
                  | quest for the Orb.
     0 | D:1      | Reached XP level 1. HP: 10/10 MP: 6/6
   177 | D:1      | Reached XP level 2. HP: 16/16 MP: 5/8
   216 | D:1      | Learned a level 2 spell: Scorch
   677 | D:1      | Reached XP level 3. HP: 20/20 MP: 6/10
   682 | D:1      | Reached skill level 1 in Fighting
  1479 | D:2      | Noticed Natasha
  1487 | D:2      | Killed Natasha
  1488 | D:2      | Reached skill level 4 in Spellcasting
  1488 | D:2      | Reached XP level 4. HP: 18/25 MP: 4/12
  1537 | D:2      | Noticed Natasha
  1544 | D:2      | Killed Natasha
  1648 | D:2      | Noticed Natasha
  1654 | D:2      | Killed Natasha
  1687 | D:2      | Learned a level 4 spell: Flame Wave
  1817 | D:2      | Reached XP level 5. HP: 30/30 MP: 9/13
  2396 | D:3      | Noticed Robin
  2955 | D:3      | Killed Robin
  3156 | D:3      | Found an iron altar of Okawaru.
  3435 | D:3      | Gained mutation: You passively map a small area around you.
                  | [potion of mutation]
  3435 | D:3      | Gained mutation: You have sharp toenails. [potion of
                  | mutation]
  3435 | D:3      | Gained mutation: Your body sometimes deteriorates upon
                  | taking damage. [potion of mutation]
  3435 | D:3      | Gained mutation: Your spells are a little harder to cast,
                  | but a little more powerful. [potion of mutation]
  3436 | D:3      | Lost mutation: You have sharp toenails. [potion of
                  | mutation]
  3436 | D:3      | Lost mutation: Your spells are a little harder to cast, but
                  | a little more powerful. [potion of mutation]
  3436 | D:3      | Lost mutation: Your body sometimes deteriorates upon taking
                  | damage. [potion of mutation]
  3436 | D:3      | Gained mutation: You have a pair of small horns on your
                  | head. [potion of mutation]
  3436 | D:3      | Gained mutation: Your mind is acute. (Int +4, Str/Dex -1)
                  | [potion of mutation]
  3840 | D:3      | Noticed Terence
  3845 | D:3      | Killed Terence
  3846 | D:3      | Reached XP level 6. HP: 33/35 MP: 8/15
  4174 | D:3      | Found a snail-covered altar of Cheibriados.
  4203 | D:3      | Reached skill level 5 in Spellcasting
  4306 | D:3      | Became a worshipper of Cheibriados the Contemplative
  4414 | D:4      | Slain by an orc

Illustrated notes

Levels and vault maps discovered:
D:1:      co_arrival_random_square_maze, layout_basic,
          chequers_serial_rivers_small_b
D:2:      layout_basic, uniq_natasha
D:3:      minmay_door_path, layout_loops_cross, old_standard_altar,
          chei_slow_surprise, uniq_terence, uniq_robin
D:4:      layout_loops_corners, nicolae_ru_path_of_blood, zin_purify,
          hangedman_decor_lopped

Skill      XL: |  1  2  3  4  5  6 |
---------------+-------------------+-----
Fighting       | 1 2 |  2.0
Conjurations   | 2 3 |  3.4
Spellcasting   | 4 5 |  5.0
Fire Magic     | 4 |  4.7
Short Blades   | |  0.8
Dodging        | |  2.4
Stealth        | |  2.4

Action                     |  1- 3 |  4- 6 || total
---------------------------+-------+-------++-------
  Melee: Dagger            |       |    11 ||    11
         Headbutt          |       |     4 ||     4
   Cast: Foxfire           |    74 |    43 ||   117
         Scorch            |     5 |    42 ||    47
    Use: Scroll            |       |     5 ||     5
         Potion            |       |     4 ||     4
 Armour: Robe              |     3 |    22 ||    25
         Animal skin       |       |    19 ||    19
  Dodge: Dodged            |     2 |    45 ||    47

Table legend: (Time is in decaauts)
 A = Elapsed time spent in this place.
 B = Non-inter-level travel time spent in this place.
 C = Inter-level travel time spent in this place.
 D = Time resting spent in this place.
 E = Time spent auto-exploring this place.
 F = Levels seen in this place.
 G = Mean time per level.
                   A        B        C        D        E       F      G
               +--------+--------+--------+--------+--------+-----+--------+
         Total |   4448 |   4332 |    116 |   1095 |   2662 |   4 | 1112.0 |
       Dungeon |   4448 |   4332 |    116 |   1095 |   2662 |   4 | 1112.0 |
               +--------+--------+--------+--------+--------+-----+--------+

Top non-repeatable levels by time:
     D:2: 1701 daAuts
     D:3: 1567 daAuts
     D:1: 1114 daAuts
     D:4: 65 daAuts
